 Dungeon Crawl Stone Soup version 0.25.0-26-g0c896c7 (webtiles) character file.

Game seed: 8561367330953699532

152261 sieger the Severer (level 17, -8/163 HPs)
             Began as a Minotaur Berserker on July 1, 2020.
             Was a High Priest of Trog.
             Splashed with acid (18 damage)
             ... on level 2 of the Pits of Slime.
             The game lasted 03:19:29 (32275 turns).

sieger the Severer (Minotaur Berserker)            Turns: 32275, Time: 03:19:30

Health: -8/163     AC: 26    Str: 28    XL:     17   Next: 2%
Magic:  18/18      EV: 15    Int:  2    God:    Trog [*****.]
Gold:   2483       SH:  7    Dex: 16    Spells: 16/16 levels left

rFire    + . .     SeeInvis .   H - +10 hand axe of Unpleasantness {drain, rC+ Int+3}
rCold    + . .     Gourm    .   X - +0 buckler
rNeg     + + +     Faith    .   D - +6 plate armour "Tuam" {rN++ rCorr Str+2 Int-5}
rPois    .         Spirit   .   (helmet restricted)
rElec    +         Reflect  .   N - +0 cloak
rCorr    +         Harm     .   f - +1 pair of gloves
MR       +....                  (no boots)
Stlth    ..........             g - amulet of regeneration
HPRegen  0.77/turn              J - ring of Caoff {rElec rF+ rN+ Str-3 Slay+2}
MPRegen  0.16/turn              j - +6 ring of dexterity

@: no status effects
A: retaliatory headbutt, horns 2, mutation resistance 1
a: Berserk, Trog's Hand, Brothers in Arms, Renounce Religion


You were on level 2 of the Pits of Slime.
You worshipped Trog.
Trog was extremely pleased with you.
You were not hungry.

You visited 6 branches of the dungeon, and saw 28 of its levels.
You also visited: Gauntlet.

You collected 3082 gold pieces.
You spent 599 gold pieces at shops.

Inventory:

Hand Weapons
 H - the +10 hand axe of Unpleasantness (weapon) {drain, rC+ Int+3}
   (You found it on level 4 of the Dungeon)

   A truly terrible weapon, it drains the life of those it strikes.
   It affects your intelligence (+3).
   It protects you from cold.
 P - the +8 frozen axe "Frostbite" {freezing cloud, *Noise +Fly rC+}
   (You acquired it on level 13 of the Dungeon)

   It has been specially enchanted to freeze those struck by it, causing extra
   injury to most foes and up to half again as much damage against particularly
   susceptible opponents.
   It can also slow down cold-blooded creatures.
   It protects you from cold.
   It lets you fly.
   It may make noises in combat.
 W - a +6 war axe of flaming
Missiles
 m - 7 atropa-tipped darts
 o - 20 javelins
 p - 18 boomerangs (quivered)
 A - 29 silver javelins
Armour
 a - the +10 plate armour "Suytor" {rF+ Int+4}
   (You found it on level 10 of the Dungeon)

   It affects your intelligence (+4).
   It protects you from fire.
 f - a +1 pair of gloves (worn)
 D - the +6 plate armour "Tuam" (worn) {rN++ rCorr Str+2 Int-5}
   (You found it on level 1 of the Depths)

   It affects your strength (+2).
   It affects your intelligence (-5).
   It greatly protects you from negative energy.
   It provides partial protection from all sources of acid and corrosion.
 N - a +0 cloak (worn)
 X - a +0 buckler (worn)
Jewellery
 g - an amulet of regeneration (around neck)
 i - an uncursed ring of positive energy
 j - a +6 ring of dexterity (right hand)
 B - an uncursed ring of protection from magic
 I - an uncursed ring of protection from magic
 J - the ring of Caoff (left hand) {rElec rF+ rN+ Str-3 Slay+2}
   (You acquired it on level 13 of the Dungeon)

   [ring of protection from fire]

   It affects your strength (-3).
   It affects your accuracy and damage with ranged weapons and melee attacks
   (+2).
   It protects you from fire.
   It insulates you from electricity.
   It protects you from negative energy.
 L - the ring "Ullainof" {rPois Dex+3}
   (You found it on level 7 of the Dungeon)

   [ring of poison resistance]

   It affects your dexterity (+3).
   It protects you from poison.
 O - an uncursed ring of protection from fire
 S - an uncursed ring of protection from fire
Wands
 u - a wand of digging (7)
 y - a wand of polymorph (43)
 z - a wand of paralysis (10)
 K - a wand of random effects (22)
 M - a wand of iceblast (46)
 R - a wand of disintegration (6)
 U - a wand of acid (16)
Scrolls
 b - 6 scrolls of remove curse
 d - 5 scrolls of teleportation
 t - a scroll of blinking {unknown}
 w - a scroll of enchant armour {unknown}
 F - 3 scrolls of magic mapping
 T - 4 scrolls of fear
 Y - a scroll of vulnerability {unknown}
 Z - 2 scrolls of summoning
Potions
 h - a potion of berserk rage {unknown}
 k - 10 potions of curing
 l - 3 potions of invisibility
 n - a potion of resistance
 q - 2 potions of stabbing {unknown}
 r - a potion of experience {unknown}
 s - 4 potions of might
 v - a potion of ambrosia {unknown}
 C - a potion of haste
 G - 4 potions of lignification
 Q - a potion of cancellation
 V - a potion of magic {unknown}
Miscellaneous
 e - a lightning rod (4/4)
 x - a phial of floods
Comestibles
 c - 36 rations


   Skills:
 + Level 18.0 Fighting
 - Level 20.3(20.6) Axes
   Level 1.5(13.9) Maces & Flails
   Level 5.7(14.7) Polearms
 - Level 10.0 Throwing
 + Level 14.4 Armour
 + Level 10.6 Dodging
 + Level 12.5 Shields
 - Level 3.0 Evocations


You had 16 spell levels left.
You didn't know any spells.
Your spell library was empty.

Dungeon Overview and Level Annotations

Branches:
Dungeon (15/15)            Temple (0/1) D:5            Lair (6/6) D:10
 Shoals (0/4) Lair:2       Spider (0/4) Lair:2        Slime (2/5) Lair:5
    Orc (2/2) D:10            Elf (1/3) Orc:2        Vaults (0/5) D:14
 Depths (2/5) D:15        Gauntlet (visited)

Altars:
Ashenzari
Cheibriados
Dithmenos
Kikubaaqudgha
Nemelex Xobeh
Okawaru
Qazlal
Sif Muna
Trog
Vehumet
Wu Jian
Xom
Yredelemnul

Shops:
Orc:2 :![}   Depths:2 %

Portals:
Hell: Depths:1
Abyss: Depths:1 Depths:2

Annotations:
D:6 2 runed translucent doors
D:8 1 runed translucent door, BarkingLeaf's ghost, novice MfBe
D:14 3 runed translucent doors, Sati's ghost, journeyman MiBe
Orc:2 3 runed translucent doors, continuitydrift's ghost, journeyman HOFi


Innate Abilities, Weirdness & Mutations

You reflexively headbutt those who attack you in melee.
You have a pair of horns on your head.
You are somewhat resistant to further mutation.


Message History

The great orb of eyes is severely wounded.
You are splashed with acid.
You resist.
You block the great orb of eyes's attack.
You slice the great orb of eyes!!
You kill the great orb of eyes!
Trog accepts your kill.
You are splashed with acid!
You resist.
You are splashed with acid!
You resist.
You are splashed with acid!
You resist.
* * * LOW HITPOINT WARNING * * *
You eat one of the 37 rations.
That ration really hit the spot!
You are splashed with acid!
You resist.
* * * LOW HITPOINT WARNING * * *
You are splashed with acid!
You resist.
Keep disrobing?
* * * LOW HITPOINT WARNING * * *
You start removing your armour.
You continue taking off your +0 buckler.
You are splashed with acid!!
You resist.
You die...

##### ##.#.## #.....##
.#. ##.#.#.#....#
#...@......#
#...######## ##.#######
######.####...##
##..##..###..8..##
#................#
##.#....#......<.<..#
#...................#
##.#.##....###..8..####


There were no monsters in sight!

Vanquished Creatures
  Jorgrun (Orc:1)
  Rupert (D:14)
  2 acid blobs
  A tengu reaver (Depths:1)
  3 azure jellies
  2 fire giants (Depths:1)
  A deep elf sorcerer (Depths:1)
  2 frost giants (Depths:1)
  3 stone giants
  2 vampire knights (Depths:1)
  2 entropy weavers (Lair:4)
  A minotaur (Gauntlet)
  A dire elephant (D:15)
  A spark wasp (shapeshifter) (Gauntlet)
  2 merfolk javelineers (Depths:1)
  4 ettins
  A fire dragon (D:15)
  4 great orbs of eyes
  8 hydras
  A yaktaur captain (Depths:1)
  Erolcha (Orc:1)
  4 ice dragons
  A rakshasa (D:13)
  4 two-headed ogres
  A tengu warrior (Depths:1)
  4 centaur warriors
  2 queen ants
  A deep troll shaman (Depths:1)
  7 death yaks
  Urug (D:11)
  3 deep troll earth magi
  3 spriggan berserkers (Depths:1)
  Nergalle (D:11)
  2 glowing orange brains
  A golden dragon zombie (Depths:2)
  A wizard (Depths:1)
  A flayed ghost (Depths:1)
  3 deep trolls (Depths:2)
  2 lindwurms (Lair:6)
  A necromancer (Depths:2)
  A harpy (shapeshifter) (Depths:1)
  5 orc knights
  A wolf spider (D:15)
  2 phantasmal warriors (Depths:1)
  2 shining eyes
  4 oklob plants (Lair:6)
  12 ugly things
  2 orc sorcerers (Orc:2)
  3 manticores
  9 elephants
  4 cyclopes
  A rust devil (Depths:1)
  3 spiny frogs
  5 black mambas
  5 torpor snails (Lair:6)
  2 kobold demonologists
  5 rime drakes
  4 komodo dragons
  7 yaktaurs
  3 tengu conjurers
  A queen bee (Lair:2)
  3 tyrant leeches (Lair:6)
  4 trolls
  A queen bee (shapeshifter) (Gauntlet)
  2 jumping spiders (Lair:2)
  A spriggan zombie (Depths:2)
  2 polar bears (Lair:6)
  8 hornets
  17 blink frogs
  53 slime creatures
  13 dream sheep
  11 hippogriffs
  Sigmund (D:6)
  3 water elementals
  A spriggan (D:8)
  2 elf zombies (Depths:2)
  A wraith (D:14)
  6 wyverns
  5 redbacks (Lair:2)
  15 humans (D:14)
  3 basilisks
  41 yaks
  A golden eye (shapeshifter) (Depths:2)
  A steam dragon (D:8)
  A hungry ghost (D:9)
  Menkaure (D:6)
  3 swamp worms (Gauntlet)
  Edmund (D:6)
  20 soldier ants
  6 water moccasins
  6 porcupines
  Duvessa (D:6)
  4 ice beasts
  5 sky beasts
  28 orc warriors
  9 ogres
  2 eyes of draining (Slime:2)
  3 phantoms
  12 wolves
  10 crocodiles
  16 centaurs
  4 big kobolds
  A wyvern zombie (D:11)
  15 bullfrogs
  Dowan (D:6)
  3 scorpions
  A wyvern skeleton (D:15)
  2 water moccasin skeletons
  36 killer bees
  12 wights
  2 electric eels
  9 crimson imps
  4 bullfrog zombies
  10 howler monkeys
  4 centaur zombies
  8 jellies
  3 hounds
  11 orc priests
  7 orc wizards
  3 bullfrog skeletons
  3 centaur skeletons
  3 iguanas
  20 worker ants
  A hound zombie (D:10)
  2 hound skeletons
  Robin (D:2)
  2 worker ant zombies
  16 gnolls
  A river rat (Lair:2)
  15 adders
  A howler monkey skeleton (D:7)
  2 shadow imps
  An adder zombie (D:8)
  An adder skeleton (D:5)
  5 worms
  A dart slug (D:2)
  2 leopard geckos
  78 orcs
  A giant cockroach (D:2)
  16 goblins
  9 hobgoblins
  2 jackals (D:6)
  29 kobolds
  5 quokkas
  2 ball pythons
  8 bats
  4 frilled lizards
  A jackal skeleton (D:7)
  6 rats
  A plant (Lair:5)
866 creatures vanquished.

Vanquished Creatures (collateral kills)
  A frost giant (D:15)
  An ettin (Depths:2)
  A glowing orange brain (Depths:1)
  A meliai (shapeshifter) (Gauntlet)
  A hippogriff (shapeshifter) (Gauntlet)
  A shadow (D:10)
  4 orc warriors (Orc:2)
  A crimson imp (D:10)
  2 orcs (Orc:2)
13 creatures vanquished.

Vanquished Creatures (others)
  A human (D:14)
  A frilled lizard (D:5)
  8 fungi
  22 plants
32 creatures vanquished.

Grand Total: 911 creatures vanquished

Notes
Turn   | Place    | Note
-------+----------+-------------------------------------------
     0 | D:1      | sieger the Minotaur Berserker began the quest for the Orb.
     0 | D:1      | Reached XP level 1. HP: 19/19 MP: 0/0
   461 | D:1      | Reached XP level 2. HP: 25/27 MP: 1/1
   928 | D:2      | Found a sparkling altar of Nemelex Xobeh.
  1053 | D:2      | Reached skill level 1 in Throwing
  1053 | D:2      | Reached XP level 3. HP: 33/33 MP: 2/2
  1105 | D:2      | Identified the +0 helmet of Abstinence {rPois}
  1105 | D:2      | Noticed Robin
  1117 | D:2      | Reached ** piety under Trog
  1140 | D:2      | Killed Robin
  1435 | D:2      | Reached XP level 4. HP: 40/40 MP: 3/3
  2380 | D:3      | Reached XP level 5. HP: 47/47 MP: 4/4
  3079 | D:3      | Reached *** piety under Trog
  3395 | D:4      | Found a basalt altar of Yredelemnul.
  3564 | D:4      | Noticed an ice beast
  3564 | D:4      | Noticed an ogre
  3567 | D:4      | Reached XP level 6. HP: 55/55 MP: 5/5
  3568 | D:4      | Reached skill level 5 in Fighting
  3568 | D:4      | Reached skill level 5 in Polearms
  3569 | D:4      | Killed an ice beast
  3630 | D:4      | Reached XP level 7. HP: 44/61 MP: 6/6
  3643 | D:4      | Found a bloodstained altar of Trog.
  4127 | D:4      | Reached skill level 5 in Armour
  4138 | D:4      | Reached skill level 1 in Maces & Flails
  4537 | D:4      | Got a brightly glowing hand axe
  4538 | D:4      | Identified the +10 hand axe of Unpleasantness {drain, rC+
                  | Int+3} (You found it on level 4 of the Dungeon)
  4767 | D:5      | Entered Level 5 of the Dungeon
  4837 | D:5      | Reached **** piety under Trog
  4869 | D:5      | Found a staircase to the Ecumenical Temple.
  5011 | D:5      | Found a shattered altar of Ashenzari.
  5022 | D:5      | Reached skill level 1 in Axes
  5101 | D:5      | Reached XP level 8. HP: 64/70 MP: 7/7
  5150 | D:5      | Reached skill level 2 in Axes
  5150 | D:5      | Reached skill level 5 in Dodging
  5253 | D:5      | Reached skill level 3 in Axes
  5715 | D:6      | Found a stormy altar of Qazlal.
  5715 | D:6      | Noticed Menkaure
  5721 | D:6      | Reached skill level 4 in Axes
  6017 | D:6      | Noticed Edmund
  6027 | D:6      | Killed Edmund
  6071 | D:6      | Found an ancient bone altar of Kikubaaqudgha.
  6134 | D:6      | Reached skill level 5 in Axes
  6202 | D:6      | Found a runed translucent door.
  6203 | D:6      | Found a runed translucent door.
  6259 | D:6      | Reached XP level 9. HP: 76/79 MP: 8/8
  6310 | D:6      | Noticed Sigmund
  6317 | D:6      | Killed Sigmund
  6387 | D:6      | Found a shimmering altar of Xom.
  6392 | D:6      | Reached skill level 6 in Axes
  6541 | D:6      | Killed Menkaure
  6748 | D:6      | Noticed Dowan
  6750 | D:6      | Noticed Duvessa
  6825 | D:6      | Killed Duvessa
  6832 | D:6      | Killed Dowan
  7249 | D:7      | Reached skill level 7 in Axes
  7430 | D:7      | Got a faintly glowing lead ring
  7432 | D:7      | Identified the ring "Ullainof" {rPois Dex+3} (You found it
                  | on level 7 of the Dungeon)
  7517 | D:7      | Reached skill level 1 in Evocations
  7899 | D:8      | Got a fine shortbow
  8366 | D:8      | Found a snail-covered altar of Cheibriados.
  8541 | D:8      | Reached skill level 8 in Axes
  8601 | D:8      | Found a runed translucent door.
  8601 | D:8      | Noticed a manticore
  8602 | D:8      | Noticed BarkingLeaf's ghost (novice MfBe)
  8831 | D:9      | Found a radiant altar of Vehumet.
  8831 | D:9      | Found a shadowy altar of Dithmenos.
  8834 | D:9      | Reached XP level 10. HP: 90/90 MP: 10/10
  8837 | D:9      | Found a shimmering blue altar of Sif Muna.
  9053 | D:9      | Found an ornate altar of the Wu Jian Council.
  9338 | D:10     | Entered Level 10 of the Dungeon
  9346 | D:10     | Noticed a cyclops
  9422 | D:10     | Reached ***** piety under Trog
  9478 | D:10     | Noticed a two-headed ogre
  9486 | D:10     | Killed a two-headed ogre
  9486 | D:10     | Reached skill level 9 in Axes
  9497 | D:10     | Reached skill level 10 in Axes
  9613 | D:10     | Noticed an ice dragon
  9626 | D:10     | Killed an ice dragon
  9760 | D:10     | Noticed a green ugly thing
  9770 | D:10     | Killed a green ugly thing
  9770 | D:10     | Reached skill level 10 in Fighting
  9782 | D:10     | Reached skill level 11 in Axes
  9784 | D:10     | Reached XP level 11. HP: 81/99 MP: 12/12
  9838 | D:10     | Got a transparent plate armour
  9853 | D:10     | Identified the +10 plate armour "Suytor" {rF+ Int+4} (You
                  | found it on level 10 of the Dungeon)
 10046 | D:10     | Found a staircase to the Orcish Mines.
 10061 | D:10     | Found a staircase to the Lair.
 10061 | D:10     | Noticed a two-headed ogre
 10066 | D:10     | Killed a two-headed ogre
 10066 | D:10     | Reached skill level 10 in Armour
 10491 | D:10     | Got a smoking battleaxe
 10782 | D:10     | Identified the +4 battleaxe of the Known World {pain,
                  | Str+5} (You found it on level 10 of the Dungeon)
 10785 | D:10     | Identified the +8 shortbow "Tinierr" {vorpal, rC- rN+ SInv
                  | Stlth+} (You found it on level 8 of the Dungeon)
 10834 | Lair:1   | Entered Level 1 of the Lair of Beasts
 10856 | Lair:1   | Reached skill level 12 in Axes
 10920 | Lair:1   | Reached skill level 1 in Shields
 11952 | Lair:2   | Noticed an eight-headed hydra
 11966 | Lair:2   | Killed an eight-headed hydra
 12184 | Lair:2   | Found a staircase to the Shoals.
 12390 | Lair:2   | Reached XP level 12. HP: 95/110 MP: 13/13
 12419 | Lair:2   | Found a hole to the Spider Nest.
 12633 | Lair:2   | Reached skill level 5 in Shields
 12870 | Lair:2   | Reached skill level 13 in Axes
 13848 | Lair:3   | Received a gift from Trog
 13957 | Lair:3   | Noticed a seven-headed hydra
 13966 | Lair:3   | Killed a five-headed hydra
 14112 | Lair:3   | Noticed a four-headed hydra
 14120 | Lair:3   | Killed a one-headed hydra
 14269 | Lair:3   | Noticed an eight-headed hydra
 14276 | Lair:3   | Killed a five-headed hydra
 15049 | Lair:4   | Reached skill level 5 in Throwing
 15754 | Lair:5   | Found a staircase to the Slime Pits.
 15885 | Lair:5   | Noticed a seven-headed hydra
 15891 | Lair:5   | Noticed a death yak
 15893 | Lair:5   | Noticed a death yak
 15894 | Lair:5   | Noticed a death yak
 15897 | Lair:5   | Noticed a death yak
 15931 | Lair:5   | Reached XP level 13. HP: 108/119 MP: 14/14
 15981 | Lair:5   | Noticed an entropy weaver
 16097 | Lair:5   | Noticed an entropy weaver
 16226 | Lair:4   | Killed an entropy weaver
 16226 | Lair:4   | Received a gift from Trog
 16612 | Lair:4   | Killed an entropy weaver
 16671 | Lair:5   | Reached skill level 14 in Axes
 16864 | Lair:5   | Reached ****** piety under Trog
 17577 | Lair:6   | Entered Level 6 of the Lair of Beasts
 17826 | Lair:6   | Received a gift from Trog
 18710 | Lair:6   | Found the +3 Elemental Staff {rElec rF++ rC++ MR++ AC+5}
 19024 | Lair:6   | Reached XP level 14. HP: 124/129 MP: 15/15
 19325 | Lair:6   | Found a runed translucent door.
 19567 | Lair:6   | Reached skill level 10 in Shields
 19571 | Lair:6   | Got a crude scythe
 19577 | Lair:6   | Identified the +4 scythe "Killer Bee's Regret" {venom,
                  | Dex+3} (You found it on level 6 of the Lair of Beasts)
 19780 | Orc:1    | Entered Level 1 of the Orcish Mines
 19781 | Orc:1    | Noticed Jorgrun
 19798 | Orc:1    | Killed Jorgrun
 19855 | Orc:2    | Entered Level 2 of the Orcish Mines
 19877 | Orc:2    | Reached skill level 15 in Axes
 19987 | Orc:2    | Found a bloodstained altar of Trog.
 20100 | Orc:1    | Noticed Erolcha
 20105 | Orc:1    | Killed Erolcha
 20688 | Orc:2    | Found Viejum's Distillery.
 20688 | Orc:2    | Found Qarph's Antique Armour Shoppe.
 20690 | Orc:2    | Found Zoifeokk's Gadget Emporium.
 20692 | Orc:2    | Found Ifall's Book Boutique.
 20700 | Orc:2    | Bought a potion of invisibility for 104 gold pieces
 20705 | Orc:2    | Bought a pair of glowing gloves for 255 gold pieces
 20932 | Orc:2    | Noticed continuitydrift's ghost (journeyman HOFi)
 20933 | Orc:2    | Found a runed translucent gate.
 20934 | Orc:2    | Found a runed translucent gate.
 20935 | Orc:2    | Found a runed translucent gate.
 21515 | Orc:2    | Found a staircase to the Elven Halls.
 21524 | Elf:1    | Entered Level 1 of the Elven Halls
 21716 | D:11     | Noticed Urug
 21759 | D:11     | Killed Urug
 21900 | D:11     | Noticed Nergalle
 21905 | D:11     | Killed Nergalle
 22108 | D:11     | Received a gift from Trog
 23382 | D:13     | Found a gate leading to a gauntlet.
 23401 | Gauntlet | Entered a Gauntlet
 23401 | Gauntlet | Found a transporter.
 23401 | Gauntlet | Found a transporter.
 23415 | Gauntlet | Found a transporter.
 23420 | Gauntlet | Found a transporter.
 23426 | Gauntlet | Found a transporter.
 23428 | Gauntlet | Found a transporter.
 23434 | Gauntlet | Found a runed translucent gate.
 23438 | Gauntlet | Found a runed translucent gate.
 23441 | Gauntlet | Found a transporter.
 23442 | Gauntlet | Found a runed translucent gate.
 23459 | Gauntlet | Found a transporter.
 23459 | Gauntlet | Noticed an entropy weaver
 23478 | Gauntlet | Found a transporter.
 23481 | Gauntlet | Found a transporter.
 23494 | Gauntlet | Found a transporter.
 23507 | Gauntlet | Found a transporter.
 23632 | Gauntlet | Noticed a shadow dragon
 23632 | Gauntlet | Noticed a quicksilver dragon
 23632 | Gauntlet | a shadow dragon changed into a quicksilver dragon
 23636 | Gauntlet | Noticed a shadow dragon
 23636 | Gauntlet | a quicksilver dragon changed into a shadow dragon
 23637 | Gauntlet | Noticed a fire giant
 23637 | Gauntlet | a shadow dragon changed into a fire giant
 23640 | Gauntlet | Noticed a caustic shrike
 23642 | Gauntlet | Noticed an iron giant
 23642 | Gauntlet | a caustic shrike changed into an iron giant
 23687 | Gauntlet | Reached XP level 15. HP: 139/139 MP: 16/16
 23691 | Gauntlet | Received a gift from Trog
 23935 | Gauntlet | Got a distressingly furry leather armour
 23946 | Gauntlet | Identified the cursed +1 leather armour "Some" {MR- Str+5
                  | Int-3 SInv} (You found it in a Gauntlet)
 24045 | D:13     | Identified 2 scrolls of acquirement
 24048 | D:13     | Got the ring of Caoff {rElec rF+ rN+ Str-3 Slay+2}
 24050 | D:13     | Found the +8 frozen axe "Frostbite" {freezing cloud, *Noise
                  | +Fly rC+}
 24050 | D:13     | Got the +8 frozen axe "Frostbite" {freezing cloud, *Noise
                  | +Fly rC+}
 24537 | D:14     | Found a gate to the Vaults.
 24537 | D:14     | Noticed Rupert
 24797 | D:14     | Reached skill level 16 in Axes
 24799 | D:14     | Reached skill level 15 in Fighting
 24937 | D:14     | Found a runed translucent gate.
 24937 | D:14     | Found a runed translucent gate.
 24937 | D:14     | Found a runed translucent gate.
 24941 | D:14     | Noticed Sati's ghost (journeyman MiBe)
 24949 | D:14     | Found an iron altar of Okawaru.
 25163 | D:14     | Reached skill level 10 in Dodging
 25812 | D:14     | Received a gift from Trog
 25993 | D:14     | Paralysed by Rupert for 7 turns
 26016 | D:14     | Killed Rupert
 26088 | D:15     | Entered Level 15 of the Dungeon
 26319 | D:15     | Reached skill level 17 in Axes
 26405 | D:15     | Found a staircase to the Depths.
 26817 | D:15     | Found a shattered altar of Ashenzari.
 27270 | Depths:1 | Entered Level 1 of the Depths
 27477 | Depths:1 | Noticed a frost giant
 27579 | D:15     | Killed a frost giant
 27676 | Depths:1 | Reached skill level 10 in Throwing
 27895 | Depths:1 | You fall into a shaft and drop 1 floor!
 27895 | Depths:2 | Found Hyvietoc's Food Emporium.
 27895 | Depths:2 | Found a one-way gate to the infinite horrors of the Abyss.
 27901 | Depths:2 | Reached skill level 18 in Axes
 27906 | Depths:2 | Reached XP level 16. HP: 138/151 MP: 17/17
 28000 | Depths:2 | Bought a ration for 60 gold pieces
 28000 | Depths:2 | Bought a ration for 60 gold pieces
 28000 | Depths:2 | Bought a ration for 60 gold pieces
 28000 | Depths:2 | Bought a ration for 60 gold pieces
 28110 | Depths:1 | Received a gift from Trog
 28257 | Depths:1 | Paralysed by something for 5 turns
 28423 | Depths:1 | Reached skill level 19 in Axes
 28548 | Depths:1 | Found a huge runed gate.
 28548 | Depths:1 | Found a huge runed gate.
 28548 | Depths:1 | Found a huge runed gate.
 28548 | Depths:1 | Found a huge runed gate.
 28548 | Depths:1 | Found a huge runed gate.
 28552 | Depths:1 | Found a huge runed gate.
 28555 | Depths:1 | Found a huge runed gate.
 28573 | Depths:1 | Noticed a tengu reaver
 28589 | Depths:1 | Killed a tengu reaver
 28733 | Depths:1 | Got a polished lajatang
 28775 | D:15     | Identified the cursed +1 lajatang "Jodyos" {protect, rElec}
                  | (You found it on level 1 of the Depths)
 29070 | Depths:1 | Reached skill level 20 in Axes
 29318 | Depths:1 | Got a bronze plate armour
 29329 | Depths:1 | Identified the +6 plate armour "Tuam" {rN++ rCorr Str+2
                  | Int-5} (You found it on level 1 of the Depths)
 29485 | Depths:1 | Found a gateway to Hell.
 30151 | Slime:1  | Entered Level 1 of the Pits of Slime
 30157 | Slime:1  | Gained mutation: You are somewhat resistant to further
                  | mutation. [a shining eye]
 30185 | Slime:1  | Noticed an acid blob
 30414 | Slime:1  | Killed an acid blob
 31073 | Slime:2  | Lost intelligence.
 31600 | Slime:2  | Noticed an acid blob
 31607 | Slime:2  | Killed an acid blob
 31611 | Slime:2  | Reached XP level 17. HP: 108/163 MP: 1/18
 32275 | Slime:2  | Splashed with acid

Illustrated notes

Levels and vault maps discovered:
D:1:      lemuel_arrival_lava_pool, layout_basic, hangedman_decor_lopped
D:2:      layout_basic, nemelex_xobeh_ov_fountains_minmay, serial_corexii_hall,
          corexii_hall_statues_deadend, chequers_hall_statues_y, first_ration,
          uniq_robin
D:3:      layout_basic, feat_on_display
D:4:      layout_loops_ring, lemuel_crystal_altar, overflow_temple_1_default
D:5:      layout_basic, lemuel_crystal_altar, lemuel_temple_firewalk_b
D:6:      lemuel_insect_pit, layout_cave_pods, kiku_gazebo_pond_becter,
          overflow_temple_1_default, overflow_temple_1_default, uniq_edmund,
          uniq_duvessa, uniq_sigmund, uniq_menkaure
D:7:      layout_loops_ring
D:8:      layout_gridville, lemuel_doored_altar, ebering_ghost_inner_flame,
          the_bakery
D:9:      layout_basic, marbit_many_paths, gammafunk_temple_overflow_claw
D:10:     minmay_the_grid_net [minmay_the_grid_expand, minmay_the_grid_dragon_b,
          minmay_the_grid_x, minmay_the_grid_zigzag_pyramid,
          minmay_the_grid_minigrid_medium, minmay_the_grid_prize_trominoes],
          layout_irregular_city, eino_jars
D:11:     layout_basic, special_room [special_room_orc], wad_dig_loot,
          uniq_urug, uniq_nergalle
D:12:     layout_basic
D:13:     layout_rooms, gauntlet_entry_generic
D:14:     argonaut_augean_stables, layout_long_grid, david_vaults_3,
          gammafunk_ghost_fury_of_okawaru
D:15:     hangedman_depths_entry_try_elsewhere_first, layout_basic,
          nicolae_lava_and_water, ashenzari_altar_1
Lair:1:   layout_long_grid
Lair:2:   regret_index_combs_of_tragedy, layout_long_grid,
          elwin_shoals_entry_rocks, nicolae_spider_entry_tight_spaces,
          serial_forest, infiniplex_forest_lined_room_2,
          infiniplex_forest_clump_tiny, infiniplex_forest_clump_curved,
          infiniplex_forest_straight_2, infiniplex_forest_lined_corner,
          infiniplex_forest_clump_long, infiniplex_forest_side_room,
          infiniplex_forest_lined_corner, infiniplex_forest_clump_medium,
          lemuel_fruit_tree
Lair:3:   layout_regular_city, infiniplex_staircase_pool
Lair:4:   layout_gridlike, grunt_megastairs_4
Lair:5:   layout_regular_city, minmay_slime_entry_pillars, wad_woods_river_04,
          minivault_23, zaba_antful_of_joy, serial_bayou_shore_b
Lair:6:   wormcave, layout_gridlike, serial_bayou_pond_c,
          minmay_lair_oklob_chamber
Slime:1:  layout_caves
Slime:2:  cheibrodos_slime_lost_civilization_2, layout_caves
Orc:1:    layout_diamond_mine, uniq_erolcha, uniq_jorgrun, uniq_erica
Orc:2:    st_orc_rangers, layout_diamond_mine, ebering_ghost_rock_garden,
          basic_altar
Elf:1:    minmay_elf_arrival_summoners, layout_loops_corners, basic_altar,
          kennysheep_underground_church, grunt_megastairs_3
Depths:1: layout_cave_shapes, grunt_hell_entry_dis_mu, abyss_entry,
          kennysheep_crisscross, hangedman_decor_growths, minmay_misc_feat_iff,
          door_vault, serial_bayou_shore_a, grunt_megastairs_2
Depths:2: minmay_eyes, layout_cave_shapes, grunt_pan_entry_in_and_out,
          hell_entry, serial_shops, shop, abyss_entry,
          hangedman_abyss_or_decor_stabs, minmay_staircase_statues

Skill      XL: |  1  2  3  4  5  6  7  8  9 10 11 12 13 14 15 16 |
---------------+-------------------------------------------------+-----
Fighting       | 4 5 6 7 8 10 11 12 13 14 16 18 | 18.0
Polearms       | 4 5 |  5.7
Throwing       | 1 2 3 4 5 7 10 | 10.0
Armour         | 3 4 5 6 8 9 11 12 13 14 | 14.4
Dodging        | 3 4 6 7 8 9 10 | 10.6
Maces & Flails | 1 |  1.5
Axes           | 1 5 8 11 12 13 14 15 18 20 | 20.3
Evocations     | 2 3 |  3.0
Shields        | 4 7 9 11 12 | 12.5

Action                   |  1- 3 |  4- 6 |  7- 9 | 10-12 | 13-15 | 16-18 || total
-------------------------+-------+-------+-------+-------+-------+-------++-------
Melee: Spear             |    71 |   119 |    35 |       |       |       ||   225
       Headbutt          |    12 |    20 |    54 |   124 |   351 |    96 ||   657
       Flail             |       |       |    34 |       |       |       ||    34
       Hand axe          |       |       |   169 |   429 |   764 |   278 ||  1640
       Dire flail        |       |       |       |     9 |       |       ||     9
       Bardiche          |       |       |       |    13 |    20 |       ||    33
       Executioner's axe |       |       |       |       |   169 |     9 ||   178
       War axe           |       |       |       |       |    52 |       ||    52
Throw: Stone             |       |     1 |    53 |   102 |    87 |       ||   243
       Boomerang         |       |       |       |       |   100 |    70 ||   170
Invok: Berserk           |     1 |     1 |     3 |     6 |    15 |     5 ||    31
       Trog's Hand       |       |       |     1 |     1 |     5 |     1 ||     8
       Brothers in Arms  |       |       |       |     3 |     4 |     1 ||     8
 Abil: Evoke Flight      |       |       |       |       |     5 |     1 ||     6
Evoke: Wand              |       |       |       |       |    11 |     2 ||    13
       Lightning rod     |       |       |       |       |     1 |       ||     1
  Use: Scroll            |       |       |    10 |     7 |    14 |     3 ||    34
       Potion            |       |       |       |       |     1 |     7 ||     8
 Stab: Sleeping          |       |     2 |       |       |       |       ||     2
  Eat: Chunk             |     2 |     8 |    13 |    17 |    30 |     7 ||    77
       Ration            |       |       |     2 |     4 |     7 |     5 ||    18
Armor: Animal skin       |    19 |    11 |       |       |       |       ||    30
       Leather armour    |       |     7 |     3 |       |       |       ||    10
       Chain mail        |       |       |    91 |    33 |       |       ||   124
       Plate armour      |       |       |       |   204 |   494 |   202 ||   900
Dodge: Dodged            |    44 |    78 |   125 |   238 |   572 |   158 ||  1215
Block: Buckler           |       |       |       |    15 |   150 |    79 ||   244
